 Dungeon Crawl Stone Soup version 0.18.1-5-g4a78601 (webtiles) character file.

10349 gracz the Severer (level 11, -9/105 HPs)
             Began as a Minotaur Berserker on May 14, 2016.
             Was a High Priest of Trog.
             Engulfed by a cloud of freezing vapour (25 damage)
             ... in an ice cave.
             The game lasted 00:38:32 (8781 turns).

gracz the Severer (Minotaur Berserker)              Turns: 8781, Time: 00:38:32

Health: -9/105     AC: 10    Str: 26    XL:     11   Next: 35%
Magic:  10/10      EV: 13    Int:  8    God:    Trog [*****.]
Gold:   1032       SH:  0    Dex: 11    Spells: 0 memorised, 10 levels left

rFire  . . .     SeeInvis .     U - +2 hand axe "Giseg" {flame, Str+2 Int+4} (curse)
rCold  . . .     Gourm    .     D - +1 leather armour {rN+}
rNeg   + . .     Faith    .     (no shield)
rPois  .         Spirit   .     h - +1 hat
rElec  .         Dismiss  .     i - +1 cloak
rCorr  .         Reflect  .     Y - +0 pair of gloves
SustAt .         Harm     .     u - +0 pair of boots
MR     .....                    (no amulet)
Stlth  +.........               (no ring)
                                q - +2 ring of slaying

@: exhausted, slowed, very slow, not resistant to hostile enchantments, very
unstealthy
A: retaliatory headbutt, horns 2
a: Berserk, Trog's Hand, Brothers in Arms, Burn Spellbooks, Renounce Religion


You were in an ice cave.
You worshipped Trog.
Trog was extremely pleased with you.
You were near starving.

You visited 2 branches of the dungeon, and saw 12 of its levels.
You also visited: Ossuary and Ice Cave.

You collected 1032 gold pieces.

Inventory:

Hand Weapons
 B - a +3 flail of holy wrath
 K - a +8 executioner's axe of electrocution
 U - the cursed +2 hand axe "Giseg" (weapon) {flame, Str+2 Int+4}
   (You took it off a centaur on level 8 of the Dungeon)

   It has been specially enchanted to burn those struck by it, causing extra
   injury to most foes and up to half again as much damage against particularly
   susceptible opponents.
   Big, fiery blades are also staple armaments of hydra-hunters.
   It affects your strength (+2).
   It affects your intelligence (+4).
   It has a curse placed upon it.
Missiles
 r - 15 tomahawks of dispersal
 C - 6 tomahawks (quivered)
Armour
 h - a +1 hat (worn)
 i - a +1 cloak (worn)
 u - a +0 pair of boots (worn)
 D - a +1 leather armour of positive energy (worn)
 S - a troll hide
 Y - a +0 pair of gloves (worn)
Jewellery
 q - a +2 ring of slaying (left hand)
Wands
 M - a wand of lightning (6/15)
 Q - a wand of paralysis (13/24)
 Z - a wand of flame (6/48)
Scrolls
 e - 13 scrolls of remove curse {unknown}
 k - 4 scrolls of teleportation {unknown}
 l - 3 scrolls of magic mapping {unknown}
 n - 2 scrolls of immolation {unknown}
 o - 2 scrolls of fear {unknown}
 w - 2 scrolls of random uselessness {unknown}
 y - 11 scrolls of identify {unknown}
 F - 3 scrolls of fog {unknown}
 I - a scroll of enchant weapon {unknown}
 O - 2 scrolls of amnesia {unknown}
 P - 3 scrolls of noise {unknown}
 R - a scroll of blinking {unknown}
 X - 2 scrolls of recharging {unknown}
Potions
 d - 4 potions of heal wounds {unknown}
 f - 5 potions of curing {unknown}
 p - 2 potions of brilliance {unknown}
 v - 2 potions of haste {unknown}
 x - 3 potions of degeneration {unknown}
 A - 3 potions of flight {unknown}
 H - 2 potions of mutation {unknown}
Comestibles
 c - 9 bread rations
 g - 2 beef jerkies
 m - 5 meat rations
 z - 7 fruits
 N - 12 slices of pizza


   Skills:
 + Level 12.3 Fighting
 * Level 15.3 Axes
 - Level 2.8 Throwing
 + Level 6.6 Armour
 - Level 3.8 Dodging
 - Level 0.1 Stealth


You had 10 spell levels left.
You didn't know any spells.

Dungeon Overview and Level Annotations

Branches:
Dungeon (10/15)            Temple (0/1) D:7            Lair (2/8) D:9
    Orc: D:9-12

Altars:
Elyvilon
Gozag
Okawaru
Qazlal
Sif Muna
Xom
Yredelemnul
Zin

Annotations:
D:4 1 runed door


Innate Abilities, Weirdness & Mutations

You reflexively headbutt those who attack you in melee.
You have a pair of horns on your head.


Message History

You slice the ice statue!!
You melt the ice statue!!
The ice statue is almost destroyed.
You slash the ice beast!
You melt the ice beast.
You kill the ice beast!
The ice statue gestures.
You hit the ice statue.
You melt the ice statue.
You headbutt the ice statue.
You destroy the ice statue!
The ice beast disappears in a puff of smoke!
You feel a strong urge to attack something.
You feel your anger subside.
You are engulfed in freezing vapours.
You are engulfed in freezing vapours.
You are no longer berserk.
You are exhausted.
You feel yourself slow down.
You are near starving!
You are engulfed in freezing vapours.
* * * LOW HITPOINT WARNING * * *
You are engulfed in freezing vapours.
You die...

# ### .#
##§##§#
####§§#§§#
##.@§§§§#
##..§§§##§#
#..##.## ##
#.######
#.§###.##
#§§#....#
##......##
#...###..##
##.#####..##


There were no monsters in sight!

Vanquished Creatures
  2 hydras (Lair:1)
  An ice statue (IceCv)
  A spiny frog (Lair:1)
  2 komodo dragons (Lair:2)
  3 polar bears (IceCv)
  2 trolls
  Sigmund (D:2)
  7 yaks
  A hippogriff (Lair:2)
  A hungry ghost (D:7)
  Edmund (D:4)
  Duvessa (D:4)
  2 porcupines (Lair:1)
  4 water moccasins
  An ice beast (D:10)
  2 sky beasts
  3 orc warriors (D:9)
  2 black bears
  5 ogres
  4 phantoms
  2 centaurs (D:8)
  4 wolves (IceCv)
  6 crocodiles
  3 big kobolds (D:9)
  4 giant frogs
  Blork the orc (D:4)
  3 water moccasin skeletons
  4 scorpions
  Dowan (D:4)
  3 killer bees (D:10)
  A crimson imp (D:5)
  A giant frog zombie (D:6)
  A centaur zombie (D:7)
  A quasit (D:9)
  A gnoll shaman (D:8)
  5 orc wizards
  2 centaur skeletons (D:9)
  8 orc priests
  A giant frog skeleton (D:7)
  A hound (D:5)
  3 iguanas
  5 worker ants
  2 hound zombies
  8 mummies (Ossuary)
  2 hound skeletons
  A howler monkey zombie (D:5)
  9 gnolls
  7 adders
  13 river rats
  2 shadow imps
  4 white imps (Lair:2)
  2 adder zombies
  3 dart slugs
  6 giant geckos
  33 orcs
  2 ball pythons
  15 bats
  10 giant cockroaches
  2 gnoll zombies (Ossuary)
  8 hobgoblins
  3 jackals (D:2)
  10 kobolds
  2 quokkas
  8 giant newts
  8 goblins
  2 hobgoblin zombies (Ossuary)
  A jackal zombie (D:4)
  2 kobold zombies (Ossuary)
  2 orc zombies (Ossuary)
  A quokka skeleton (D:7)
  21 rats
  A rat zombie (D:4)
  A fungus (D:3)
298 creatures vanquished.

Vanquished Creatures (collateral kills)
  6 white imps (Lair:2)
6 creatures vanquished.

Vanquished Creatures (others)
  A yak (IceCv)
  3 wolves (IceCv)
  A white imp (Lair:2)
5 creatures vanquished.

Grand Total: 309 creatures vanquished

Notes
Turn   | Place    | Note
--------------------------------------------------------------
     0 | D:1      | gracz the Minotaur Berserker began the quest for the Orb.
     0 | D:1      | Reached XP level 1. HP: 19/19 MP: 0/0
   254 | D:1      | Reached XP level 2. HP: 24/27 MP: 1/1
   254 | D:1      | Reached skill level 4 in Axes
   560 | D:1      | Reached ** piety under Trog
   640 | D:1      | Reached XP level 3. HP: 32/33 MP: 2/2
   975 | D:2      | Noticed Sigmund
   984 | D:2      | Killed Sigmund
   984 | D:2      | Reached skill level 5 in Fighting
   984 | D:2      | Reached skill level 5 in Axes
   984 | D:2      | Reached XP level 4. HP: 35/42 MP: 3/3
   984 | D:2      | Reached XP level 5. HP: 40/48 MP: 4/4
  1731 | D:3      | Reached *** piety under Trog
  1743 | D:3      | Found a faded altar to an unknown god.
  1790 | D:3      | Reached XP level 6. HP: 21/56 MP: 5/5
  2585 | D:4      | Found a runed door.
  2585 | D:4      | Noticed a human
  2612 | D:4      | Reached skill level 6 in Axes
  2649 | D:4      | Noticed Dowan
  2659 | D:4      | Noticed Blork the orc
  2674 | D:4      | Killed Dowan
  2674 | D:4      | Killed Blork the orc
  2677 | D:4      | Noticed Edmund
  2678 | D:4      | Reached XP level 7. HP: 53/63 MP: 6/6
  2694 | D:4      | Killed Edmund
  2694 | D:4      | Reached skill level 7 in Axes
  2824 | D:4      | Found a sand-covered staircase.
  2830 | Ossuary  | Entered an ossuary
  3392 | D:4      | Found a basalt altar of Yredelemnul.
  3401 | D:4      | Noticed Duvessa
  3406 | D:4      | Killed Duvessa
  3406 | D:4      | Reached **** piety under Trog
  3406 | D:4      | Reached skill level 8 in Axes
  3564 | D:5      | Entered Level 5 of the Dungeon
  3603 | D:5      | Reached skill level 1 in Throwing
  3652 | D:5      | Reached XP level 8. HP: 73/73 MP: 7/7
  3704 | D:5      | Found a shimmering altar of Xom.
  3787 | D:5      | Found a deep blue altar of Sif Muna.
  3886 | D:5      | Reached skill level 5 in Armour
  4038 | D:6      | Reached skill level 9 in Axes
  4255 | D:6      | Noticed a troll
  4262 | D:6      | Killed a troll
  4476 | D:6      | Found a stormy altar of Qazlal.
  4715 | D:7      | Reached skill level 10 in Axes
  4717 | D:7      | Reached XP level 9. HP: 72/82 MP: 8/8
  4750 | D:7      | Noticed a troll
  4763 | D:7      | Killed a troll
  4877 | D:7      | Reached ***** piety under Trog
  4979 | D:7      | Found a staircase to the Ecumenical Temple.
  5038 | D:7      | Reached skill level 11 in Axes
  5226 | D:8      | Got a shimmering hand axe {flame}
  5242 | D:8      | Reached skill level 10 in Fighting
  5274 | D:8      | Identified the cursed +2 hand axe "Giseg" {flame, Str+2 Int+4} (You took it off a centaur on level 8 of the Dungeon)
  5579 | D:8      | Found a glowing silver altar of Zin.
  5698 | D:8      | Found a white marble altar of Elyvilon.
  5886 | D:9      | Found an opulent altar of Gozag.
  5924 | D:9      | Reached XP level 10. HP: 83/94 MP: 9/9
  5927 | D:9      | Received a gift from Trog
  5974 | D:9      | Reached skill level 12 in Axes
  5990 | D:9      | Found a staircase to the Lair.
  6240 | D:9      | Found an iron altar of Okawaru.
  6614 | D:10     | Entered Level 10 of the Dungeon
  6862 | D:10     | Noticed a gargoyle
  6902 | Lair:1   | Entered Level 1 of the Lair of Beasts
  6965 | Lair:1   | Reached skill level 13 in Axes
  6989 | Lair:1   | Noticed a six-headed hydra
  7004 | Lair:1   | Killed a one-headed hydra
  7100 | Lair:1   | Noticed a five-headed hydra
  7113 | Lair:1   | Killed a one-headed hydra
  7113 | Lair:1   | Reached skill level 14 in Axes
  7118 | Lair:1   | Noticed a spiny frog
  7129 | Lair:1   | Killed a spiny frog
  7809 | Lair:2   | Reached XP level 11. HP: 99/104 MP: 10/10
  8047 | Lair:2   | Received a gift from Trog
  8067 | Lair:2   | Found a frozen archway.
  8094 | IceCv    | Entered an ice cave
  8101 | IceCv    | Reached skill level 15 in Axes
  8781 | IceCv    | Engulfed by a cloud of freezing vapour

Skill      XL: |  1  2  3  4  5  6  7  8  9 10 11 |
---------------+----------------------------------+-----
Axes           | 4 5 6 8 10 11 14 15 | 15.3
Fighting       | 4 5 6 7 8 10 11 12 | 12.3
Dodging        | 3 |  3.8
Armour         | 3 4 5 6 |  6.6
Throwing       | 1 2 |  2.8
Stealth        | |  0.1

Action                   |  1- 3 |  4- 6 |  7- 9 | 10-12 || total
-------------------------+-------+-------+-------+-------++-------
Melee: Hand axe          |    51 |   103 |   335 |   223 ||   712
       Headbutt          |     9 |    23 |    80 |    50 ||   162
Throw: Tomahawk          |       |       |     8 |     1 ||     9
Invok: Berserk           |     1 |     1 |     5 |     4 ||    11
       Trog's Hand       |       |       |       |     1 ||     1
       Brothers in Arms  |       |       |       |     1 ||     1
  Use: Potion            |       |       |       |     1 ||     1
 Stab: Sleeping          |       |       |     1 |       ||     1
  Eat: Chunk             |       |     6 |    18 |    11 ||    35
       Fruit             |       |       |     1 |     1 ||     2
Armor: Animal skin       |    10 |     5 |       |       ||    15
       Ring mail         |       |    31 |    16 |       ||    47
       Leather armour    |       |       |    74 |    73 ||   147
Dodge: Dodged            |    36 |    44 |   163 |   121 ||   364
